| TOP OF THE 1ST |
|
West Michigan Whitecaps batting - Pitching for Kannapolis Intimidators : RHP Matt Voulgaris
|
|
Pitching: RHP Matt Voulgaris
|
|
|
Batting: SHB Willie Medina
|
0-0: Fly out, F8 (Flyball, 8LM, EV 88.1 MPH)
|
|
Batting: LHB Nick Nino
|
0-0: Ball 1-0: Called Strike 1-1: Called Strike 1-2: Ball 2-2: Strikes out swinging
|
|
Batting: LHB Jamie Christian
|
0-0: Ball 1-0: Foul Ball, location: 2F 1-1: Ball 2-1: Fly out, F7 (Flyball, 7LM, EV 94.4 MPH)
|
| Top of the 1st over - 0 runs, 0 hits, 0 errors, 0 left on base; West Michigan 0 - Kannapolis 0 |
| BOTTOM OF THE 1ST |
|
Kannapolis Intimidators batting - Pitching for West Michigan Whitecaps : RHP Dale Gilbert
|
|
Pitching: RHP Dale Gilbert
|
|
|
Batting: RHB Sean Peake
|
0-0: Called Strike 0-1: Called Strike 0-2: Strikes out looking
|
|
Batting: RHB Tatsunori Hayakawa
|
0-0: Called Strike 0-1: SINGLE (Line Drive, 34, EV 106.9 MPH)
|
|
Batting: RHB Mark Jones
|
0-0: Ball 1-0: Ball Tatsunori Hayakawa is caught stealing 2nd base 2-4 2-0: SINGLE (Groundball, 4MD, EV 100.0 MPH)
|
|
Batting: LHB Herkko Haavikko
|
0-0: Called Strike 0-1: Ball 1-1: SINGLE (Groundball, 56D, EV 103.1 MPH) Mark Jones to second
|
|
Batting: RHB Armando Vazquez
|
0-0: Foul Ball, location: 2F 0-1: Foul Ball, location: 2F 0-2: Ball 1-2: Strikes out looking
|
| Bottom of the 1st over - 0 runs, 3 hits, 0 errors, 2 left on base; West Michigan 0 - Kannapolis 0 |
| TOP OF THE 2ND |
|
West Michigan Whitecaps batting - Pitching for Kannapolis Intimidators : RHP Matt Voulgaris
|
|
Batting: LHB Nick Swank
|
0-0: Called Strike 0-1: SINGLE (Line Drive, 3D, EV 100.0 MPH)
|
|
Batting: RHB Jon Goldstein
|
0-0: Foul Ball, location: 2F 0-1: Foul Ball, location: 2F Balk! Nick Swank to second 0-2: Ball 1-2: SINGLE (Flyball, 8LS, EV 97.5 MPH) Nick Swank to third
|
|
Batting: RHB German Quiroga
|
0-0: Ball 1-0: Foul Ball, location: 2F 1-1: Fly out, F9 (Flyball, 89S, EV 91.9 MPH)
|
|
Batting: RHB Joe Zimmerman
|
0-0: Called Strike 0-1: Grounds into double play, 1-6-3 (Groundball, 34S, EV 64.4 MPH)
|
| Top of the 2nd over - 0 runs, 2 hits, 0 errors, 1 left on base; West Michigan 0 - Kannapolis 0 |
| BOTTOM OF THE 2ND |
|
Kannapolis Intimidators batting - Pitching for West Michigan Whitecaps : RHP Dale Gilbert
|
|
Batting: SHB Jose Castillo
|
0-0: Ball 1-0: Swinging Strike 1-1: Foul Ball, location: 2F 1-2: Ground out 4-3 (Groundball, 4S, EV 65.6 MPH)
|
|
Batting: RHB Jose Marquez
|
0-0: Ball 1-0: Called Strike 1-1: Ball 2-1: Ball 3-1: Foul Ball, location: 2F 3-2: Foul Ball, location: 2F 3-2: Base on Balls
|
|
Batting: RHB Jerry Edmiston
|
0-0: Ball 1-0: Ball 2-0: Fielders Choice at 2nd, 5-4 (Groundball, 5, EV 90.0 MPH)
|
|
Batting: RHB Santos Guadalupe
|
0-0: Ball 1-0: Ball 2-0: Foul Ball, location: 2F 2-1: Ball 3-1: Reached on error, E4 (Groundball, 4, EV 90.6 MPH) Jerry Edmiston to second
|
|
Batting: RHB Sean Peake
|
0-0: Ground out U3 (Groundball, 3S, EV 81.9 MPH)
|
| Bottom of the 2nd over - 0 runs, 0 hits, 1 error, 2 left on base; West Michigan 0 - Kannapolis 0 |
| TOP OF THE 3RD |
|
West Michigan Whitecaps batting - Pitching for Kannapolis Intimidators : RHP Matt Voulgaris
|
|
Batting: RHB Scott Carr
|
0-0: Foul Ball, location: 2F 0-1: Ball 1-1: Ball 2-1: Swinging Strike 2-2: SINGLE (Flyball, 56D, EV 91.9 MPH)
|
|
Batting: LHB Steve Herrera
|
0-0: Ball 1-0: Foul Ball, location: 2F 1-1: Grounds into double play, 6-4-3 (Groundball, 56, EV 91.2 MPH)
|
|
Batting: SHB Willie Medina
|
0-0: Ball 1-0: Called Strike 1-1: Ball 2-1: Foul Ball, location: 2F 2-2: Strikes out swinging, 2-3 out at first.
|
| Top of the 3rd over - 0 runs, 1 hit, 0 errors, 0 left on base; West Michigan 0 - Kannapolis 0 |
| BOTTOM OF THE 3RD |
|
Kannapolis Intimidators batting - Pitching for West Michigan Whitecaps : RHP Dale Gilbert
|
|
Batting: RHB Tatsunori Hayakawa
|
0-0: Foul Ball, location: 2F 0-1: Ball 1-1: Foul Ball, location: 2F 1-2: Foul Ball, location: 2F 1-2: Foul Ball, location: 2F 1-2: Strikes out swinging
|
|
Batting: RHB Mark Jones
|
0-0: Ball 1-0: Swinging Strike 1-1: Ground out 6-3 (Groundball, 56, EV 103.8 MPH)
|
|
Batting: LHB Herkko Haavikko
|
0-0: Called Strike 0-1: Ground out 4-3 (Groundball, 4, EV 109.4 MPH)
|
| Bottom of the 3rd over - 0 runs, 0 hits, 0 errors, 0 left on base; West Michigan 0 - Kannapolis 0 |
| TOP OF THE 4TH |
|
West Michigan Whitecaps batting - Pitching for Kannapolis Intimidators : RHP Matt Voulgaris
|
|
Batting: LHB Nick Nino
|
0-0: Ball 1-0: Called Strike 1-1: Foul Ball, location: 2F 1-2: Strikes out swinging
|
|
Batting: LHB Jamie Christian
|
0-0: Ball 1-0: Ground out 3-1 (Groundball, 34S, EV 90.0 MPH)
|
|
Batting: LHB Nick Swank
|
0-0: Foul Ball, location: 2F 0-1: Ball 1-1: Ball 2-1: Foul Ball, location: 2F 2-2: Ball 3-2: Strikes out swinging
|
| Top of the 4th over - 0 runs, 0 hits, 0 errors, 0 left on base; West Michigan 0 - Kannapolis 0 |
| BOTTOM OF THE 4TH |
|
Kannapolis Intimidators batting - Pitching for West Michigan Whitecaps : RHP Dale Gilbert
|
|
Batting: RHB Armando Vazquez
|
0-0: Called Strike 0-1: Foul Ball, location: 2F 0-2: Ball 1-2: Ground out 4-3 (Groundball, 4, EV 91.2 MPH)
|
|
Batting: SHB Jose Castillo
|
0-0: Ball 1-0: Ball 2-0: Ball 3-0: Base on Balls
|
|
Batting: RHB Jose Marquez
|
0-0: Ball 1-0: Ball 2-0: Called Strike 2-1: Ball 3-1: Base on Balls Jose Castillo to second
|
|
Batting: RHB Jerry Edmiston
|
0-0: Ball 1-0: Ball 2-0: Ball 3-0: Called Strike 3-1: Foul Ball, location: 2F 3-2: Strikes out swinging
|
|
Batting: RHB Santos Guadalupe
|
0-0: Ball 1-0: Ball 2-0: Ball 3-0: Base on Balls Jose Castillo to third Jose Marquez to second
|
|
Batting: RHB Sean Peake
|
0-0: Ball 1-0: SINGLE (Line Drive, 9LM, EV 103.1 MPH) Jose Castillo scores Jose Marquez to third Santos Guadalupe to second Runner from 3rd tries for Home, throw by RF and OUT! 9-2
|
| Bottom of the 4th over - 1 run, 1 hit, 0 errors, 2 left on base; West Michigan 0 - Kannapolis 1 |
| TOP OF THE 5TH |
|
West Michigan Whitecaps batting - Pitching for Kannapolis Intimidators : RHP Matt Voulgaris
|
|
Batting: RHB Jon Goldstein
|
0-0: Ball 1-0: Ball 2-0: Called Strike 2-1: Swinging Strike 2-2: Ball 3-2: Base on Balls
|
|
Batting: RHB German Quiroga
|
0-0: Ball 1-0: Called Strike 1-1: Foul Ball, location: 2F 1-2: Grounds into double play, 6-4-3 (Groundball, 6MD, EV 92.5 MPH)
|
|
Batting: RHB Joe Zimmerman
|
0-0: Foul Ball, location: 2F 0-1: Foul Ball, location: 2F 0-2: Foul Ball, location: 2F 0-2: Ball 1-2: Fly out, F9 (Flyball, 89S, EV 76.9 MPH)
|
| Top of the 5th over - 0 runs, 0 hits, 0 errors, 0 left on base; West Michigan 0 - Kannapolis 1 |
| BOTTOM OF THE 5TH |
|
Kannapolis Intimidators batting - Pitching for West Michigan Whitecaps : RHP Dale Gilbert
|
|
Batting: RHB Tatsunori Hayakawa
|
0-0: Called Strike 0-1: Foul Ball, location: 2F 0-2: Ball 1-2: Ball 2-2: Foul Ball, location: 2F 2-2: Ground out 5-3 (Groundball, 56, EV 91.2 MPH)
|
|
Batting: RHB Mark Jones
|
0-0: Called Strike 0-1: Ball 1-1: Ball 2-1: Foul Ball, location: 2F 2-2: Ground out 4-3 (Groundball, 4, EV 86.2 MPH)
|
|
Batting: LHB Herkko Haavikko
|
0-0: Ball 1-0: Called Strike 1-1: SINGLE (Groundball, 56D, EV 98.8 MPH)
|
|
Batting: RHB Armando Vazquez
|
0-0: Ball 1-0: Ball 2-0: Ball 3-0: Called Strike 3-1: Called Strike 3-2: 2-RUN HOME RUN (Flyball, 7D, EV 96.2 MPH), Distance : 371 ft
|
|
Batting: SHB Jose Castillo
|
0-0: Ball 1-0: Called Strike 1-1: Ball 2-1: Foul Ball, location: 2F 2-2: Foul Ball, location: 2F 2-2: Strikes out swinging
|
| Bottom of the 5th over - 2 runs, 2 hits, 0 errors, 0 left on base; West Michigan 0 - Kannapolis 3 |
| TOP OF THE 6TH |
|
West Michigan Whitecaps batting - Pitching for Kannapolis Intimidators : RHP Matt Voulgaris
|
|
Batting: RHB Scott Carr
|
0-0: Ball 1-0: Swinging Strike 1-1: Ball 2-1: Swinging Strike 2-2: Strikes out swinging
|
|
Batting: LHB Steve Herrera
|
0-0: Called Strike 0-1: Ball 1-1: Called Strike 1-2: Ball 2-2: Strikes out swinging, 2-3 out at first.
|
|
Batting: SHB Willie Medina
|
0-0: Ball 1-0: Foul Ball, location: 2F 1-1: Ball 2-1: Foul Ball, location: 2F 2-2: Strikes out swinging
|
| Top of the 6th over - 0 runs, 0 hits, 0 errors, 0 left on base; West Michigan 0 - Kannapolis 3 |
| BOTTOM OF THE 6TH |
|
Kannapolis Intimidators batting - Pitching for West Michigan Whitecaps : RHP Dale Gilbert
|
|
Pitching: RHP Matt Sturge
|
|
|
Batting: RHB Jose Marquez
|
0-0: Ball 1-0: Ground out 5-3 (Groundball, 56, EV 106.9 MPH)
|
|
Batting: RHB Jerry Edmiston
|
0-0: Ball 1-0: Ball 2-0: Called Strike 2-1: Swinging Strike 2-2: Ball 3-2: Fly out, F7 (Flyball, 7, EV 91.2 MPH)
|
|
Batting: RHB Santos Guadalupe
|
0-0: Ground out U3 (Groundball, 34, EV 92.5 MPH)
|
| Bottom of the 6th over - 0 runs, 0 hits, 0 errors, 0 left on base; West Michigan 0 - Kannapolis 3 |
| TOP OF THE 7TH |
|
West Michigan Whitecaps batting - Pitching for Kannapolis Intimidators : RHP Matt Voulgaris
|
|
Batting: LHB Nick Nino
|
0-0: Ball 1-0: Called Strike 1-1: Foul Ball, location: 2F 1-2: Ball 2-2: Foul Ball, location: 2F 2-2: Ground out U3 (Groundball, 3, EV 110.0 MPH)
|
|
Batting: LHB Jamie Christian
|
0-0: Ground out 5-3 (Groundball, 15, EV 80.0 MPH)
|
|
Batting: LHB Nick Swank
|
0-0: Ball 1-0: Ball 2-0: Ground out 4-3 (Groundball, 4S, EV 64.4 MPH)
|
| Top of the 7th over - 0 runs, 0 hits, 0 errors, 0 left on base; West Michigan 0 - Kannapolis 3 |
| BOTTOM OF THE 7TH |
|
Kannapolis Intimidators batting - Pitching for West Michigan Whitecaps : RHP Matt Sturge
|
|
Pitching: LHP Chris Thomas
|
|
|
Batting: RHB Sean Peake
|
0-0: Ball 1-0: Called Strike 1-1: Ball 2-1: Called Strike 2-2: Ground out 5-3 (Groundball, 56S, EV 94.4 MPH)
|
|
Batting: RHB Tatsunori Hayakawa
|
0-0: Foul Ball, location: 2F 0-1: Ball 1-1: Called Strike 1-2: Strikes out looking
|
|
Batting: RHB Mark Jones
|
0-0: Ball 1-0: Ground out 6-3 (Groundball, 6M, EV 108.8 MPH)
|
| Bottom of the 7th over - 0 runs, 0 hits, 0 errors, 0 left on base; West Michigan 0 - Kannapolis 3 |
| TOP OF THE 8TH |
|
West Michigan Whitecaps batting - Pitching for Kannapolis Intimidators : RHP Matt Voulgaris
|
|
Now at 1B: Luwen Storm
|
|
|
Now in LF: Jose Castillo
|
|
|
Batting: RHB Jon Goldstein
|
0-0: Ball 1-0: SINGLE (Groundball, 56D, EV 108.8 MPH) (infield hit)
|
|
Batting: RHB German Quiroga
|
0-0: Foul Ball, location: 2F 0-1: Foul Ball, location: 2F 0-2: Strikes out swinging
|
|
Batting: RHB Joe Zimmerman
|
0-0: Ball 1-0: Ball 2-0: Ball 3-0: Called Strike 3-1: Base on Balls Jon Goldstein to second
|
|
Batting: RHB Scott Carr
|
0-0: Called Strike 0-1: Fly out, F4 (Line Drive, 34, EV 72.5 MPH)
|
|
Batting: LHB Steve Herrera
|
0-0: Ball 1-0: Ground out 4-3 (Groundball, 4, EV 82.5 MPH)
|
| Top of the 8th over - 0 runs, 1 hit, 0 errors, 2 left on base; West Michigan 0 - Kannapolis 3 |
| BOTTOM OF THE 8TH |
|
Kannapolis Intimidators batting - Pitching for West Michigan Whitecaps : LHP Chris Thomas
|
|
Pitching: RHP T.J. McCullough
|
|
|
Batting: RHB Luwen Storm
|
0-0: Called Strike 0-1: Ball 1-1: Ground out 6-3 (Groundball, 6, EV 104.4 MPH)
|
|
Batting: RHB Armando Vazquez
|
0-0: Called Strike 0-1: Foul Ball, location: 2F 0-2: Foul Ball, location: 2F 0-2: Fly out, F8 (Flyball, 8RM, EV 81.2 MPH)
|
|
Batting: SHB Jose Castillo
|
0-0: Ball 1-0: SINGLE (Groundball, 4MD, EV 105.6 MPH)
|
|
Batting: RHB Jose Marquez
|
0-0: Ball 1-0: SINGLE (Groundball, 25, EV 66.9 MPH) (infield hit) Jose Castillo to second
|
|
Batting: RHB Jerry Edmiston
|
0-0: Swinging Strike 0-1: Ground out 1-3 (Groundball, 34S, EV 69.4 MPH)
|
| Bottom of the 8th over - 0 runs, 2 hits, 0 errors, 2 left on base; West Michigan 0 - Kannapolis 3 |
| TOP OF THE 9TH |
|
West Michigan Whitecaps batting - Pitching for Kannapolis Intimidators : RHP Matt Voulgaris
|
|
Pitching: RHP Chris Worster
|
|
|
Batting: SHB Willie Medina
|
0-0: Ball 1-0: Swinging Strike 1-1: Called Strike 1-2: Ball 2-2: Foul Ball, location: 2F 2-2: SINGLE (Flyball, 89S, EV 83.8 MPH)
|
|
Batting: LHB Nick Nino
|
0-0: Called Strike Balk! Willie Medina to second 0-1: Called Strike 0-2: Ball 1-2: Foul Ball, location: 2F 1-2: Fly out, F8 (Line Drive, 8LD, EV 90.0 MPH)
|
|
Batting: LHB Jamie Christian
|
0-0: Fly out, F9 (Flyball, 9, EV 80.6 MPH)
|
|
Batting: LHB Nick Swank
|
0-0: Foul Ball, location: 2F 0-1: Ball 1-1: Fly out, F8 (Flyball, 8RM, EV 88.8 MPH)
|
| Top of the 9th over - 0 runs, 1 hit, 0 errors, 1 left on base; West Michigan 0 - Kannapolis 3 |
|